 Dungeon Crawl Stone Soup version 0.28-a0-381-g937acc2988 (webtiles) character file.

Game seed: 10263152677568413836

59 hatdisgam the Chucker (level 4, -1/44 HPs)
             Began as an Ogre Hunter on Sept 1, 2021.
             Slain by a gnoll (4 damage)
             ... on level 1 of the Dungeon.
             The game lasted 00:03:34 (2070 turns).

hatdisgam the Chucker (Ogre Hunter)                 Turns: 2070, Time: 00:03:34

Health: -1/44      AC:  3    Str: 17    XL:     4   Next: 3%
Magic:  4/4        EV: 10    Int: 12    God:
Gold:   27         SH:  5    Dex:  9    Spells: 3/3 levels left

rFire   . . .      SeeInvis .   e - +0 whip
rCold   . . .      Faith    .   (no shield)
rNeg    . . .      Spirit   .   b - +0 robe
rPois   .          Reflect  +   (helmet restricted)
rElec   .          Harm     .   (no cloak)
rCorr   .          Rampage  .   (gloves unavailable)
Will    .....                   (boots unavailable)
Stlth   +.........              h - amulet of reflection
HPRegen 0.14/turn               (no ring)
MPRegen 0.09/turn               (no ring)

@: no status effects
A: large, unfitting armour, tough skin 1
a: no special abilities


You were on level 1 of the Dungeon.
You visited 1 branch of the dungeon, and saw 2 of its levels.

You collected 27 gold pieces.

Inventory:

Hand Weapons
 a - a +0 short sword
 e - a +0 whip (weapon)
Missiles
 c - a large rock (quivered)
 d - 2 throwing nets
 f - 40 stones
Armour
 b - a +0 robe (worn)
Jewellery
 h - an amulet of reflection (around neck)
Scrolls
 k - a scroll of enchant weapon {unknown}
 l - a scroll of teleportation {unknown}
Potions
 g - a potion of brilliance {unknown}
 i - a potion of curing {unknown}
 j - a potion of lignification {unknown}


   Skills:
 - Level 2.6 Fighting
 * Level 1.4 Maces & Flails
 * Level 4.7 Throwing
 + Level 2.4 Dodging
 - Level 0.6 Stealth


You had 3 spell levels left.
You didn't know any spells.
Your spell library was empty.

Dungeon Overview and Level Annotations

Branches:
Dungeon (2/15)

Altars:


Innate Abilities, Weirdness & Mutations

You are too large for most types of armour.
You have tough skin. (AC +1)


Message History

You barely miss the gnoll.
The gnoll is lightly wounded.
The gnoll hits you with a +0 flail.
You barely miss the gnoll.
The gnoll is lightly wounded.
The gnoll hits you with a +0 flail!
You barely miss the gnoll.
The gnoll is lightly wounded.
The gnoll misses you.
Throw: 5 large rocks
Press: ? - help, Q - select action, (/) - cycle Shift-Dir - straight line, f - gnoll
Aim: a gnoll, wielding a +0 flail (lightly wounded, 61% to hit)
You throw a large rock.
The large rock hits the gnoll but does no damage.
The gnoll is lightly wounded.
The gnoll barely misses you. The gnoll hits you with a +0 flail.
Unknown command.
Throw: 4 large rocks
Press: ? - help, Q - select action, (/) - cycle Shift-Dir - straight line, f/p - gnoll
Aim: a gnoll, wielding a +0 flail (lightly wounded, 61% to hit)
You throw a large rock.
The large rock closely misses the gnoll.
The gnoll hits you with a +0 flail. x2
* * * LOW HITPOINT WARNING * * *
Unknown command.
Throw: 3 large rocks
Press: ? - help, Q - select action, (/) - cycle Shift-Dir - straight line, f/p - gnoll
Aim: a gnoll, wielding a +0 flail (lightly wounded, 61% to hit)
You throw a large rock. The large rock hits the gnoll.
The gnoll is moderately wounded.
The gnoll misses you.
Unknown command.
Throw: 2 large rocks
Press: ? - help, Q - select action, (/) - cycle Shift-Dir - straight line, f/p - gnoll
Aim: a gnoll, wielding a +0 flail (moderately wounded, 61% to hit)
You throw a large rock. The large rock barely misses the gnoll.
The gnoll hits you with a +0 flail!
* * * LOW HITPOINT WARNING * * *
The gnoll hits you with a +0 flail.
You die...

.##.#.####
#.........#......#
.#.###.##
##.####..#.####### ..##
##.#####.##....### .##
##._....##.#.## #########
..## ##.########.#.#
#..†..... .>÷###.## #.#.#
#>####### .##.#.## #.#.#
#.# .##..## #.#.# #.#
.##.## #@#.# #.#
.##.####### #g#.# #.#
..........# #.#.# #.#
###.#####.######.#.# #.# #
#..............#.# #.# #
#######........#.######.# #
#######......†....#
##################.########
...................#


You could see a gnoll.

Vanquished Creatures
  A worm (D:1)
  4 dart slugs
  4 ball pythons
  3 bats (D:1)
  4 endoplasms
  5 goblins (D:1)
  4 hobgoblins (D:1)
  3 jackals
  5 kobolds (D:1)
  2 quokkas (D:1)
  3 frilled lizards
  4 rats
42 creatures vanquished.

Notes
Turn   | Place    | Note
-------+----------+-------------------------------------------
     0 | D:1      | hatdisgam the Ogre Hunter began the quest for the Orb.
     0 | D:1      | Reached XP level 1. HP: 22/22 MP: 1/1
   103 | D:1      | Reached XP level 2. HP: 20/29 MP: 2/2
   715 | D:1      | Found a faded altar of an unknown god.
   857 | D:1      | Reached XP level 3. HP: 36/36 MP: 3/3
  1002 | D:1      | Reached skill level 1 in Maces & Flails
  1933 | D:1      | Reached XP level 4. HP: 30/44 MP: 4/4
  2070 | D:1      | Slain by a gnoll

Illustrated notes

Levels and vault maps discovered:
D:1:      erik_arrival_cave_to_civilisation [erik_arrival_cave_to_hall],
          layout_loops_ring, basic_ecumenical_altar, minmay_split_cup_large
D:2:      layout_rooms, serial_shops, nicolae_shop_stone,
          minmay_misc_feat_enclosed, uniq_robin

Skill      XL: |  1  2  3 |
---------------+----------+-----
Dodging        | 2 |  2.4
Maces & Flails | 1 |  1.4
Fighting       | |  2.6
Throwing       | |  4.7
Stealth        | |  0.6

Action                   |  1- 3 |  4- 6 || total
-------------------------+-------+-------++-------
Melee: Short sword       |    33 |       ||    33
       Whip              |   110 |     5 ||   115
Throw: Stone             |    59 |     3 ||    62
       Large rock        |     2 |     4 ||     6
 Stab: Sleeping          |     1 |       ||     1
Armor: Robe              |    28 |     1 ||    29
Dodge: Dodged            |    75 |     4 ||    79
Block: Other             |    13 |       ||    13

Table legend: (Time is in decaauts)
 A = Elapsed time spent in this place.
 B = Non-inter-level travel time spent in this place.
 C = Inter-level travel time spent in this place.
 D = Time resting spent in this place.
 E = Time spent auto-exploring this place.
 F = Levels seen in this place.
 G = Mean time per level.
                   A        B        C        D        E       F      G
               +--------+--------+--------+--------+--------+-----+--------+
         Total |   2075 |   2056 |     19 |    398 |   1259 |   2 | 1037.5 |
       Dungeon |   2075 |   2056 |     19 |    398 |   1259 |   2 | 1037.5 |
               +--------+--------+--------+--------+--------+-----+--------+

Top non-repeatable levels by time:
     D:1: 2000 daAuts
     D:2: 75 daAuts
